 Dungeon Crawl Stone Soup version 0.31-a0-344-gd109795599 (webtiles) character file.

Game seed: 5960978286755151557

70 LeprechaunX the Insei (level 4, -1/28 HPs)
             Began as an Octopode Shapeshifter on July 21, 2023.
             Slain by an orc
             ... wielding a +0 whip
              (2 damage)
             ... on level 3 of the Dungeon.
             The game lasted 00:02:28 (1985 turns).

LeprechaunX the Insei (Octopode Shapeshifter)       Turns: 1985, Time: 00:02:30

Health: -1/28      AC:  1    Str: 14    XL:     4   Next: 21%
Magic:  4/4        EV: 13    Int: 10    God:
Gold:   159        SH:  0    Dex: 14    Spells: 3/3 levels left

rFire   . .          .
                       - Unarmed
rCold   . . .        (no shield)
rNeg    . . .        (helmet currently unavailable)
rPois   .            (no amulet)
rElec   .            (no ring)
rCorr   .            (no ring)
SInv    .            (no ring)
Will    .....        (no ring)
Stlth   ++           (no ring)
HPRegen 0.24/turn    (no ring)
MPRegen 0.09/turn    (no ring)
                     (no ring)

%: no passive effects
@: beast-form
A: beast (slay +2), almost no armour, amphibious, 8 rings, camouflage 1,
gelatinous body 1, (nimble swimmer 1), tentacles
a: Begin Untransformation


You were on level 3 of the Dungeon.
You were a hulking beast.
You visited 1 branch of the dungeon, and saw 3 of its levels.

You collected 159 gold pieces.

Inventory:

Missiles
 g - 4 boomerangs of dispersal (quivered)
 q - 2 javelins
Talismans
 b - a beast talisman
Scrolls
 c - 4 scrolls of identify {unknown}
 d - 3 scrolls of teleportation {unknown}
 e - a scroll of immolation {unknown}
 h - a scroll of poison {unknown}
 j - a scroll of fog {unknown}
 n - 5 scrolls of enchant armour {unknown}
 s - a scroll of revelation {unknown}
 t - a scroll of blinking {unknown}
Potions
 a - a potion of lignification
 f - 2 potions of enlightenment {unknown}
 i - 3 potions of berserk rage {unknown}
 k - a potion of might {unknown}
 l - a potion of curing {unknown}
 m - a potion of heal wounds {unknown}
 o - a potion of resistance {unknown}
 p - a potion of degeneration {unknown}
 r - a potion of ambrosia {unknown}
 u - 2 potions of mutation {unknown}
 v - a potion of brilliance {unknown}


   Skills:
 - Level 1.0 Fighting
 - Level 2.0 Dodging
 * Level 4.3 Unarmed Combat
 + Level 3.5 Shapeshifting


You had 3 spell levels left.
You didn't know any spells.
Your spell library was empty.

Dungeon Overview and Level Annotations

Branches:
Dungeon (3/15)

Altars:
Trog

Shops:
D:2 ?


Innate Abilities, Weirdness & Mutations

You are a hulking beast.
Your limbs bulge with bestial killing power. (Slay +2)
You cannot wear most types of armour.
You are amphibious.
You can wear up to eight rings at the same time.
Your skin changes colour to match your surroundings (Stealth+).
Your rubbery body absorbs attacks. (AC +1, EV +1)
((You are camouflaged when in or above water. (Stealth+)))
You have tentacles for arms and can constrict up to eight enemies at once.


Message History

No target in view!
No target in view!
No target in view!
No target in view!
No target in view!
No target in view!
No target in view!
There is a stone staircase leading down here.
An orc comes into view.
It is wielding a +0 whip and quivering boomerangs of dispersal.
An orc is nearby!
An orc is nearby!
An orc is nearby!
A frilled lizard and an orc priest come into view.
The orc priest invokes the aid of Beogh against you.
Beogh smites you!
The orc shouts!
You hear a shout! x2
The frilled lizard hisses angrily.
The frilled lizard completely misses you.
An orc comes into view. It is wielding a +0 hand axe.
The orc closely misses you.
The orc priest looks encouraged for a moment.
The orc closely misses you.
You tentacle-slap the orc priest. You grab the orc priest.
The orc priest is moderately wounded.
You constrict the orc priest. The frilled lizard bites you.
The orc hits you with a +0 whip.
The orc priest hits you with a +0 war axe!
* * * LOW HITPOINT WARNING * * *
You tentacle-slap the orc priest.
The orc priest is heavily wounded.
You constrict the orc priest. You tentacle-slap the orc priest.
You squeeze the orc priest.
You kill the orc priest!
The frilled lizard barely misses you.
The orc priest mumbles some strange prayers to Beogh against you.
Beogh smites you!
* * * LOW HITPOINT WARNING * * *
The orc hits you with a +0 whip.
You die...

..###....###..............#
..##..####..####.........##
..##.......## ##.......##
.....###...# ####.####
#........### #.# .....#...#
#.# ..##.#....##########.#
#.##.#.##............#
..##.<.# ##....)hl...#
..##..# #.....oo...#
..##.## #......o...#
.....#######.###.#..##
....................#
..................##.
..#...................
.#####................. .#
#.................


You could see an orc priest, 2 orcs and a frilled lizard.

Vanquished Creatures
  An orc priest (D:3)
  An adder (D:2)
  A worm (D:2)
  A dart slug (D:1)
  An orc (D:3)
  5 ball pythons (D:1)
  4 endoplasms
  3 giant cockroaches
  4 goblins
  3 hobgoblins
  4 jackals (D:1)
  3 quokkas
  5 bats
  3 frilled lizards
  6 kobolds
  5 rats
50 creatures vanquished.

Notes
Turn   | Place    | Note
-------+----------+-------------------------------------------
     0 | D:1      | LeprechaunX the Octopode Shapeshifter began the quest for
                  | the Orb.
     0 | D:1      | Reached XP level 1. HP: 13/13 MP: 1/1
    75 | D:1      | Found a faded altar of an unknown god.
   114 | D:1      | Reached XP level 2. HP: 2/18 MP: 2/2
   409 | D:1      | Reached XP level 3. HP: 22/23 MP: 3/3
   876 | D:2      | Found the +0 toga "Victory" {*Victory Clar}
   921 | D:2      | Reached skill level 4 in Unarmed Combat
  1244 | D:2      | Found Zavunatu's Magic Scroll Shop.
  1319 | D:2      | Reached XP level 4. HP: 17/28 MP: 4/4
  1447 | D:2      | Found a bloodstained altar of Trog.
  1985 | D:3      | HP: 1/28 [orc priest/divine providence (7)]
  1985 | D:3      | Slain by an orc

Illustrated notes

Levels and vault maps discovered:
D:1:      dpeg_arrival_castle, layout_basic,
          ebering_ecumenical_altar_sacrificial
D:2:      layout_loops_ring, basic_altar, serial_shops, shop
D:3:      layout_rooms, kennysheep_generic_room_8

Skill      XL: |  1  2  3 |
---------------+----------+-----
Unarmed Combat | 4 |  4.3
Fighting       | |  1.0
Dodging        | |  2.0
Shapeshifting  | |  3.5

Action                     |  1- 3 |  4- 6 || total
---------------------------+-------+-------++-------
  Melee: Unarmed           |    63 |    19 ||    82
         Constrict         |    15 |     4 ||    19
         Tentacles         |     9 |     3 ||    12
         Punch             |     1 |       ||     1
   Stab: Sleeping          |     6 |     3 ||     9
 Armour: Skin              |     3 |       ||     3
  Dodge: Dodged            |    47 |     9 ||    56

Table legend: (Time is in decaauts)
 A = Elapsed time spent in this place.
 B = Non-inter-level travel time spent in this place.
 C = Inter-level travel time spent in this place.
 D = Time resting spent in this place.
 E = Time spent auto-exploring this place.
 F = Levels seen in this place.
 G = Mean time per level.
                   A        B        C        D        E       F      G
               +--------+--------+--------+--------+--------+-----+--------+
         Total |   1979 |   1907 |     72 |     39 |   1523 |   3 |  659.7 |
       Dungeon |   1979 |   1907 |     72 |     39 |   1523 |   3 |  659.7 |
               +--------+--------+--------+--------+--------+-----+--------+

Top non-repeatable levels by time:
     D:1: 826 daAuts
     D:2: 785 daAuts
     D:3: 367 daAuts
